 Crawl Stoat Soup version 0.23-s2-232-g2f2dfc82cb (webtiles) character file.

254 FMitz the Charmwright (level 5, -3/35 HPs)
             Began as a High Elf Skald on June 3, 2023.
             Slain by a bullfrog (4 damage)
             ... in a sewer.
             The game lasted 00:07:08 (3875 turns).

FMitz the Charmwright (High Elf Skald)              Turns: 3875, Time: 00:07:09

Health: -3/35      AC:  6    Str: 14    XL:     5   Next: 90%
Magic:  1/6 (9)    EV: 12    Int: 17    God:
Gold:   118        SH:  0    Dex: 14    Spells: 3/8 levels left

rFire    . . .     SeeInvis .   a - +0 falchion
rCold    + . .     Gourm    .   (no shield)
rNeg     . . .     Faith    .   b - +0 leather armour
rPois    .         Spirit   .   (helmet restricted)
rElec    .         Warding  .   (no cloak)
rCorr    .         Reflect  .   (no gloves)
MR       .....     Harm     .   (no boots)
Stlth    +.........             (no amulet)
HPRegen  0.11/turn              c - ring of protection from cold
MPRegen  0.11/turn              t - +3 ring of strength

@: infusing, singing, 3 MP reserved for charms, 0.02 MP regen used to sustain
charms
A: horns 2, rugged brown scales 1, yellow scales 1
a: End Permanent Enchantments


You were in a sewer.
You were not hungry.

You visited 1 branch of the dungeon, and saw 3 of its levels.
You also visited: Sewer.

You collected 118 gold pieces.

Inventory:

Hand Weapons
 a - a +0 falchion (weapon)
 v - a +0 hunting sling
Missiles
 i - 7 curare-tipped darts (quivered)
 u - 24 sling bullets
 w - 74 stones
 x - 14 poisoned darts
Armour
 b - a +0 leather armour (worn)
Jewellery
 c - a ring of protection from cold (left hand)
 g - an uncursed ring of wizardry
 t - a +3 ring of strength (right hand)
Scrolls
 e - a scroll of amnesia
 f - 2 scrolls of blinking {unknown}
 k - 2 scrolls of enchant armour {unknown}
 l - a scroll of noise
 n - a scroll of teleportation {unknown}
 q - 2 scrolls of magic mapping {unknown}
 r - a scroll of random uselessness {unknown}
 y - a scroll of fear {unknown}
 z - 2 scrolls of fog {unknown}
Potions
 h - a potion of might {unknown}
 j - 3 potions of heal wounds {unknown}
 m - a potion of brilliance {unknown}
 p - 2 potions of haste {unknown}
 A - a potion of curing
Comestibles
 d - 3 bread rations
 o - 2 meat rations
 s - 2 fruits


   Skills:
 - Level 2.0 Fighting
 + Level 5.5 Long Blades
 - Level 0.8 Armour
 - Level 2.1 Dodging
 - Level 2.4 Spellcasting
 + Level 6.2 Charms


You had 3 spell levels left.
You knew the following spells:

 Your Spells              Type           Power        Failure   Level  Hunger
a - Infusion              Chrm           23/25        1%          1    #......
b - Song of Slaying       Chrm           23/100       2%          2    ##.....
c - Shroud of Golubria    Chrm/Tloc      12/50        10%         2    ##.....

Your spell library contained the following spells:

 Spells                   Type           Power        Failure   Level  Hunger
 Spectral Weapon          Hex/Chrm       12/100       19%         3    ###....
 Regeneration             Chrm/Necr      12/200       54%         4    #####..


Dungeon Overview and Level Annotations

Branches:
Dungeon (3/15)

Altars:


Innate Abilities, Weirdness & Mutations

You have a pair of horns on your head.
You are partially covered in rugged brown scales. (AC +1, +3% HP)
You are partially covered in yellow scales. (AC +2)


Message History

* * * LOW HITPOINT WARNING * * *
You feel better. The bullfrog closely misses you. The bullfrog hits you.
The adder bites you but does no damage. The bullfrog closely misses you.
The ball python misses you. The ball python barely misses you.
You hit the adder! You headbutt the adder.
You kill the adder!
The bullfrog barely misses you.
You riposte.
You slash the bullfrog!
The bullfrog is severely wounded.
The bullfrog closely misses you.
The ball python bites you but does no damage.
The ball python barely misses you. The bullfrog hits you.
You closely miss the bullfrog.
The bullfrog is severely wounded.
The bullfrog swells and bulges.
The bullfrog hits you.
* * * LOW HITPOINT WARNING * * *
The bullfrog hits you.
* * * LOW HITPOINT WARNING * * *
The bullfrog hits you.
You die...

#....'..# #....#..#
##...####
#....##################
#.....#≈≈≈≈≈≈≈≈≈≈≈≈≈≈≈#S
##....≈≈≈≈≈≈≈≈≈≈≈≈≈≈≈≈≈J
#....≈≈≈≈≈≈≈≈≈≈≈≈≈≈≈≈≈.
#....≈≈≈≈≈≈≈≈≈F≈J≈≈≈≈≈.
##...≈≈≈≈≈≈≈≈@FS≈≈≈≈≈≈.
###.#≈≈≈≈≈≈≈S≈≈≈≈≈≈≈#S
###################


You could see 2 bullfrogs, an ooze and 2 ball pythons.

Vanquished Creatures
  Robin (D:2)
  9 adders
  4 river rats (Sewer)
  2 oozes
  A worm (D:2)
  4 dart slugs
  A leopard gecko (D:1)
  An orc (D:3)
  9 ball pythons
  A giant cockroach (D:2)
  21 goblins
  9 hobgoblins
  3 jackals (D:1)
  6 kobolds
  2 weasels (D:2)
  9 bats
  5 frilled lizards
  26 rats
114 creatures vanquished.

Notes
Turn   | Place    | Note
-------+----------+-------------------------------------------
     0 | D:1      | FMitz the High Elf Skald began the quest for the Orb.
     0 | D:1      | Reached XP level 1. HP: 14/14 MP: 4/4
   423 | D:1      | Reached skill level 4 in Charms
   423 | D:1      | Reached XP level 2. HP: 19/19 MP: 3/6
  1112 | D:1      | Reached XP level 3. HP: 13/24 MP: 2/7
  1647 | D:1      | Learned a level 2 spell: Song of Slaying
  1676 | D:2      | Gained mutation: You have a pair of small horns on your
                  | head. [potion of mutation]
  1676 | D:2      | Gained mutation: You are partially covered in yellow
                  | scales. (AC +2) [potion of mutation]
  1676 | D:2      | Gained mutation: You have a pair of horns on your head.
                  | [potion of mutation]
  1676 | D:2      | Gained mutation: You are partially covered in rugged brown
                  | scales. (AC +1, +3% HP) [potion of mutation]
  1808 | D:2      | Noticed Robin
  1824 | D:2      | Killed Robin
  1824 | D:2      | Reached XP level 4. HP: 9/29 MP: 0/8
  1827 | D:2      | Reached skill level 5 in Charms
  2486 | D:2      | Found a faded altar of an unknown god.
  2931 | D:2      | Learned a level 2 spell: Shroud of Golubria
  3053 | D:2      | Reached XP level 5. HP: 34/35 MP: 3/9
  3333 | D:3      | Found a glowing drain.
  3344 | Sewer    | Entered a sewer
  3485 | Sewer    | Reached skill level 5 in Long Blades
  3706 | Sewer    | Reached skill level 6 in Charms
  3875 | Sewer    | HP: 1/35 [bullfrog (5)]
  3875 | Sewer    | Slain by a bullfrog

Vault maps used:
D:1:      lemuel_arrival_rhombus
D:2:      chequers_ecumenical_altar_lobes, uniq_robin
D:3:      lemuel_upstairs_altar, lemuel_round_altar,
          cheibrodos_sewer_entry_drain, hex_large, minmay_box_of_dots,
          uniq_grinder
Sewer:    sewer_minmay_w

Skill      XL: |  1  2  3  4  5 |
---------------+----------------+-----
Long Blades    | 3 4 5 |  5.5
Charms         | 4 5 6 |  6.2
Fighting       | |  2.0
Armour         | |  0.8
Dodging        | |  2.1
Spellcasting   | |  2.4

Action                   |  1- 3 |  4- 6 || total
-------------------------+-------+-------++-------
Melee: Falchion          |    86 |   140 ||   226
       Headbutt          |     2 |    17 ||    19
 Cast: * Infusion        |    27 |    34 ||    61
       * Song of Slaying |     3 |    35 ||    38
  Use: Potion            |     2 |     1 ||     3
       Scroll            |       |     3 ||     3
 Stab: Sleeping          |     1 |       ||     1
  Eat: Chunk             |     3 |     7 ||    10
Armor: Leather armour    |    22 |    63 ||    85
Dodge: Dodged            |    56 |   111 ||   167
       Rpst.: Falchion   |    19 |    27 ||    46
* Casting counts for permanent charms are approximate representations of how often the player would have had to cast a non-permanent spell for the same benefits.

Table legend:
 A = Spawn XP
 B = Non-spawn XP
 C = Spawn XP percentage of total XP
 D = Spawn monster count
 E = Non-spawn monster count
 F = Spawn count percentage of total count
 G = Total turns spent on level
                    A         B        C        D         E        F      G
               +---------+---------+-------+---------+---------+-------+---------
         Total |      34 |     329 |   9.4 |      10 |     104 |   8.8 |  3875
               +---------+---------+-------+---------+---------+-------+---------
           D:1 |      15 |      41 |  26.8 |       7 |      19 |  26.9 |  1658
           D:2 |      19 |     123 |  13.4 |       3 |      37 |   7.5 |  1593
           D:3 |       0 |      10 |   0.0 |       0 |       5 |   0.0 |    93
         Sewer |       0 |     155 |   0.0 |       0 |      43 |   0.0 |   531
               +---------+---------+-------+---------+---------+-------+---------
